Cogmind - Beta 17.1 *** ADVENTURER MODE // 2026.09.24 @ 13:59:26 Player: F-forge Result: Destroyed by P-80 Master with Gamma Rifle Performance ------------- Evolutions (8) 4000 Regions Visited (11) 2200 Robots Destroyed (109) 545 Value Destroyed (3025) 3025 Prototype IDs (4) 80 Alien Tech Used (0) 0 Bonus (560) 560 TOTAL SCORE: 10410 Bonus ------- Follower Combat Kills 60 Entered DSFs 500 Cogmind --------- Core Integrity 0/1450 Matter 206/300 Energy 175/175 System Corruption 1% Temperature Cool (0) Movement Hovering (50) Location -2/Research Parts ------- > --- POWER (2) -------- Light Ion Engine Micro Antimatter Reactor > --- PROPULSION (6) --- Gyrokinetic Inverter Improved Antigrav System Improved Antigrav System Improved Linear Gravjet Antigrav Array > --- UTILITY (13) ----- Medium Storage Unit Advanced ECM Suite Graphene Brace Improved System Restoration Module > --- WEAPON (2) ------- Enhanced Nova Cannon Force Lance > --- INVENTORY (10) --- Biometal Heavy Treads Dispersion Rifle Grenade Launcher Remote Datajack Peak State ------------ > --- POWER ------------ Neutrino Core Light Antimatter Reactor > --- PROPULSION ------- Antigrav System Antigrav System Improved Antigrav System Improved Antigrav System Improved Antigrav System Improved Antigrav System > --- UTILITY ---------- Improved Heat Sink Large Storage Unit Machine Analyzer Advanced Visual Processing Unit Advanced Sensor Array Improved Signal Interpreter Improved Propulsion Shielding Improved Propulsion Shielding Graphene Brace Hacking Suite Experimental Hacking Suite > --- WEAPON ----------- Dispersion Rifle Force Lance > --- INVENTORY -------- Micro Nuclear Core Micro Fission Core Medium Storage Unit Energy Well Advanced Weight Redist. System Advanced Terrain Scan Processor Improved Kinecellerator Improved Phase Shifter Wave Gun Heavy Ion Cannon KE Penetrator Enhanced Hardcell Cannon Grenade Launcher Rocket Launcher Remote Datajack [Rating: 115] Favorites ----------- Power Ion Engine Engine Ion Engine Power Core Micro Nuclear Core Reactor Micro Antimatter Reactor Propulsion Gravmag System Treads Light Treads Leg Aluminum Leg Hover Unit Gravmag System Flight Unit VTOL Module Utility Medium Storage Unit Device Improved Sensor Array Storage Medium Storage Unit Processor Machine Analyzer Hackware Hacking Suite Protection Improved Propulsion Shielding Weapon Assault Rifle Energy Gun Medium Laser Energy Cannon Heavy Ion Cannon Ballistic Gun Assault Rifle Ballistic Cannon Light Cannon Launcher Rocket Launcher Special Weapon Mining Laser Impact Weapon Power Maul Slashing Weapon Power Sword Piercing Weapon Force Lance Build | -11 -10 -10 -10 -8 -7 -6 -5 -4 -3 -3 -2 ------- Run | Yrd Mat Min Sub Mat Fac Fac Fac Fac Res DSF Res Slots Evolved 16 | . . . . 4 2 2 2 2 2 . 2 Power 1 | . . . . . . . . 1 . . . Propulsion 4 | . . . . 2 . 1 . . . . 1 Utility 11 | . . . . 2 2 1 2 1 2 . 1 Weapon . | . . . . . . . . . . . . Parts Attached 132 | 8 10 10 . 18 31 5 5 12 . 5 28 Power 20 | 2 1 1 . 4 4 1 . 3 . . 4 Engine 9 | 2 1 1 . 2 1 . . 1 . . 1 Core 9 | . . . . 2 3 1 . 2 . . 1 Reactor 2 | . . . . . . . . . . . 2 Propulsion 51 | 2 3 5 . 3 13 1 1 5 . 4 14 Treads 3 | 2 . . . . . . . . . . 1 Leg 10 | . 3 3 . . 1 . . . . . 3 Wheel . | . . . . . . . . . . . . Hover 29 | . . 2 . 2 9 1 1 5 . 4 5 Flight 9 | . . . . 1 3 . . . . . 5 Utility 32 | 2 2 1 . 8 5 2 3 2 . . 7 Device 13 | 1 1 1 . . 2 . 3 1 . . 4 Storage 5 | 1 1 . . 3 . . . . . . . Processor 9 | . . . . 4 2 1 . . . . 2 Hackware 3 | . . . . . 1 . . 1 . . 1 Protection 2 | . . . . 1 . 1 . . . . . Artifact . | . . . . . . . . . . . . Weapon 29 | 2 4 3 . 3 9 1 1 2 . 1 3 Energy Gun 7 | . 1 2 . . 1 . . 2 . . 1 Energy Cannon 3 | . . . . . 2 . . . . . 1 Ballistic Gun 9 | 2 1 1 . 1 3 . 1 . . . . Ballistic Cannon 2 | . . . . 1 . . . . . . 1 Launcher 1 | . . . . . 1 . . . . . . Special Weapon 1 | . 1 . . . . . . . . . . Impact Weapon 1 | . . . . . 1 . . . . . . Slashing Weapon 4 | . 1 . . 1 1 1 . . . . . Piercing Weapon 1 | . . . . . . . . . . 1 . Special Melee Weapon . | . . . . . . . . . . . . Unidentified Prototypes 4 | . . 1 . . 2 . . 1 . . . Parts Lost 43 | . 2 . 1 5 12 . . 2 . . 21 Power 6 | . 1 . . 2 1 . . . . . 2 Propulsion 17 | . . . . 1 5 . . . . . 11 Utility 12 | . 1 . . 1 2 . . 1 . . 7 Weapon 8 | . . . 1 1 4 . . 1 . . 1 Highest Loss Streak 14 | . 2 . 1 3 4 . . 1 . . 14 To Critical Strikes 1 | . . . . . 1 . . . . . . Average Backups 8 | 5 8 10 10 9 9 9 9 13 14 15 8 Power . | . . . . . . . . . 1 1 . Propulsion 1 | 1 1 2 2 . . . . . 1 1 . Utility 4 | 1 4 5 5 4 5 5 4 5 5 6 2 Weapon 2 | 1 2 3 3 3 3 3 4 5 5 6 4 Tool/Special . | . . . . . . . . . . . . Unused Backups 14 | . 1 . . 4 2 . . . . . 7 Power . | . . . . . . . . . . . . Propulsion 2 | . . . . 1 . . . . . . 1 Utility 6 | . 1 . . . 1 . . . . . 4 Weapon 3 | . . . . 2 . . . . . . 1 Tool/Special 3 | . . . . 1 1 . . . . . 1 Average Slot Usage (%) 87 | . 94 95 96 81 93 93 99 98 92 85 46 Engine 5 | . 13 14 14 7 2 . . 2 . . . Core 2 | . . . . 1 4 6 5 7 9 9 1 Leg 7 | . 27 27 . . 1 . . . . . 3 Hover 17 | . . . 28 21 23 26 29 26 23 23 9 Device 8 | . 9 9 14 9 6 6 11 9 11 9 7 Storage 8 | . 14 14 14 9 7 6 5 5 4 4 2 Processor 13 | . . . . 15 23 20 17 15 14 14 5 Hackware 4 | . . . . . 6 6 5 9 9 9 4 Protection 1 | . . . . . . 6 10 10 9 9 1 Energy Gun 3 | . 11 10 . 4 . . . 3 4 . 1 Energy Cannon 1 | . . . . . 3 6 . . . . 1 Ballistic Gun 6 | . 14 17 24 5 2 . 4 2 . . . Impact Weapon 1 | . . . . . 4 . . . . . . Slashing Weapon 1 | . 2 . . 5 . 5 5 3 4 3 . Peak Build Rating 115 | 9 10 24 24 38 50 55 66 94 96 99 115 Average Rating 32 | 6 8 13 23 32 43 48 65 82 89 93 66 On Entrance 45 | . 9 7 24 23 38 44 55 66 94 88 94 Avg Prop Armor Cover (%) 9 | . . . . . 7 . . . . . 10 Naked Turns . | . . . . . . . . . . . . Heaviest Build 65 | 15 20 23 20 31 31 30 33 55 48 54 65 Greatest Support 70 | 40 20 24 24 32 37 46 51 53 53 59 70 Greatest Overweight (x) 13 | . 1 1 . 1 4 . . 1 . . 13 Average Overweight (x) . | . . . . . . . . . . . . Largest Inventory Capacity 15 | 8 10 10 10 15 15 10 10 15 15 15 15 Average Capacity 9 | 7 9 10 10 10 10 10 10 14 15 15 9 Most Carried 15 | 7 10 10 10 12 11 10 10 15 15 15 15 Average Carried 8 | 5 8 10 10 9 9 9 9 13 14 15 8 Final Capacity 15 | 8 10 10 10 15 10 10 10 15 15 15 10 Final Carried 15 | 6 10 10 10 12 10 10 10 14 15 15 5 Class Distribution -------------------- 38% | Mutant 21% | Hacker-Scout 15% | Scavenger-Scout 14% | Scavenger-Mutant 4% | Hacker-Mutant Dominant Class ---------------- Mutant | -10/Materials Scavenger-Mutant | -10/Mines Scavenger-Mutant | -10/Subcaves Scavenger-Scout | -8/Materials Hacker-Scout | -7/Factory Scavenger-Scout | -6/Factory Scavenger-Scout | -5/Factory Hacker-Scout | -4/Factory Hacker-Scout | -3/Research Hacker-Scout | -3/DSF Mutant | -2/Research Resources | -11 -10 -10 -10 -8 -7 -6 -5 -4 -3 -3 -2 ----------- Run | Yrd Mat Min Sub Mat Fac Fac Fac Fac Res DSF Res Matter Collected 2780 | 346 286 227 30 340 752 . 39 236 . . 524 Remotely . | . . . . . . . . . . . . Salvage Created 3477 | 140 516 249 44 437 1149 . 66 215 . . 661 Parts 210 | 7 32 11 2 33 60 . 7 20 . . 38 Haulers Intercepted 5 | . 2 . . 1 2 . . . . . . Recyclers Shooed 4 | . 2 1 . . 1 . . . . . . Parts Field Recycled . | . . . . . . . . . . . . Retrieved Matter . | . . . . . . . . . . . . Parts Self-Destructed . | . . . . . . . . . . . . Prevented . | . . . . . . . . . . . . Parts Restored . | . . . . . . . . . . . . Kills | -11 -10 -10 -10 -8 -7 -6 -5 -4 -3 -3 -2 ------- Run | Yrd Mat Min Sub Mat Fac Fac Fac Fac Res DSF Res Combat Hostiles Destroyed 65 | 1 9 9 1 11 22 . 1 2 . . 9 Melee 4 | . . . . 3 1 . . . . . . Guns 38 | 1 9 8 1 5 8 . 1 2 . . 3 Cannons 19 | . . . . 3 11 . . . . . 5 AOE 1 | . . . . . 1 . . . . . . Classes Destroyed 18 | 3 5 1 1 3 4 . . . . . 1 Worker 14 | . . . . . 7 . 1 1 . . 5 Builder 9 | . . . . 2 2 . 1 2 . . 2 Tunneler 5 | 2 . 1 . . 1 . . 1 . . . Hauler 5 | . 2 . . 1 2 . . . . . . Recycler 3 | 1 1 . . . . . . . . . 1 Mechanic 1 | . 1 . . . . . . . . . . Operator 2 | . . . . 2 . . . . . . . Watcher 8 | . 3 . . 1 4 . . . . . . Swarmer 18 | . 3 3 . 6 5 . 1 . . . . Cutter 7 | . . . . . 4 . . . . . 3 Grunt 16 | . 6 2 . 4 4 . . . . . . Duelist 1 | . . . . . 1 . . . . . . Sentry 1 | . . . . 1 . . . . . . . Demolisher 2 | 1 . 1 . . . . . . . . . Hunter 4 | . . . . . . . . . . . 4 Programmer 12 | . . . . . 8 . . 2 . . 2 Subdweller 1 | . . . 1 . . . . . . . . Assembled 3 | . . 3 . . . . . . . . . Best Kill Streak 10 | 3 4 3 1 10 6 . 2 2 . . 5 Combat Bots Only 10 | 1 3 3 1 10 5 . 1 2 . . 3 Max Kills in Single Turn 1 | 1 1 1 1 1 1 . 1 1 . . 1 Gunslinging . | . . . . . . . . . . . . Exploded 1 | . . . . . 1 . . . . . . Melee 1 | . . . . 1 1 . . . . . . Uniques/NPCs Destroyed . | . . . . . . . . . . . . Combat | -11 -10 -10 -10 -8 -7 -6 -5 -4 -3 -3 -2 -------- Run | Yrd Mat Min Sub Mat Fac Fac Fac Fac Res DSF Res Hostile Shots Fired 743 | 8 39 40 13 110 152 . 15 40 . 2 324 Missed 215 | . 8 15 7 28 39 . 8 13 . . 97 Hits 528 | 8 31 25 6 82 113 . 7 27 . 2 227 Melee 45 | . . 3 . . 21 . . . . . 21 Projectile 483 | 8 31 22 6 82 92 . 7 27 . 2 206 AOE 15 | 8 1 1 . . 3 . . . . . 2 Critical Strikes 42 | . 2 1 . 1 17 . . 2 . . 19 Actively Blocked 20 | . . . . . . . . 1 . . 19 Part Disruptions 1 | . . . . . . . . . . . 1 Damage Taken 8290 | 243 371 318 112 765 1630 . 98 434 . 116 4203 Core 2329 | 54 59 80 35 169 291 . 16 102 . 64 1459 Absorbed by Shields . | . . . . . . . . . . . . Redirected to Shielding 228 | . . . . . . . 29 86 . 34 79 Ignored by Resistances 2322 | 66 111 92 31 229 463 . 27 122 . 31 1150 Regen/Repaired (Parts) 47 | . . . . 47 . . . . . . . Core Remaining (%) 74 | 78 . . 8 69 58 100 98 91 . 95 . Volleys Fired 312 | 11 44 27 5 54 97 . 5 10 . . 59 Largest 2 | 2 2 2 2 2 2 . 1 2 . . 2 Hottest 146 | 40 100 70 40 95 115 . 33 114 . . 146 Shots Fired 470 | 22 85 54 10 75 132 . 5 20 . . 67 Gun 348 | 22 84 54 10 57 74 . 5 20 . . 22 Cannon 119 | . . . . 18 56 . . . . . 45 Launcher 2 | . . . . . 2 . . . . . . Special 1 | . 1 . . . . . . . . . . Kinetic 278 | 22 51 34 10 55 65 . 5 10 . . 26 Thermal 164 | . 34 20 . 20 47 . . 2 . . 41 Explosive 2 | . . . . . 2 . . . . . . Electromagnetic 26 | . . . . . 18 . . 8 . . . Robot Hit Streak 22 | 9 22 19 11 15 16 . 3 17 . . 9 Robot Miss Streak 3 | 1 2 3 . 3 3 . 2 1 . . 3 Penetration Max 1 | . . . . . 1 . . . . . . Secondary Targets 3 | . 3 . . . . . . . . . . Max Gunslinging Chain 1 | . 1 . . . . . . . . . . Shots Hit Robots 402 | 18 62 36 10 74 116 . 5 25 . . 56 Core Hits 173 | 10 29 15 3 29 52 . 2 11 . . 22 Critical Kills 5 | . . . . . 1 . . 1 . . 3 Critical Parts Destroyed 2 | . . . . . 2 . . . . . . Critical Strikes 30 | . 7 3 . 5 4 . . 2 . . 9 Burn 14 | . 7 3 . 3 . . . . . . 1 Meltdown 1 | . . . . . . . . . . . 1 Destroy 3 | . . . . . . . . 1 . . 2 Blast 2 | . . . . 1 1 . . . . . . Smash 3 | . . . . . 3 . . . . . . Sever 2 | . . . . 1 . . . 1 . . . Impale 5 | . . . . . . . . . . . 5 Melee Attacks 135 | . 2 . . 28 57 3 9 19 . . 17 Impact 50 | . . . . . 50 . . . . . . Slashing 68 | . 2 . . 28 7 3 9 19 . . . Piercing 17 | . . . . . . . . . . . 17 Sneak Attacks 30 | . 1 . . 4 11 . 2 4 . . 8 Combat Hostiles . | . . . . . . . . . . . . Follow-up Attacks . | . . . . . . . . . . . . Damage Inflicted 9947 | 244 835 442 125 1398 3454 . 214 797 . . 2438 Guns 3951 | 244 768 439 125 639 925 . 64 355 . . 392 Cannons 2607 | . . . . 282 1065 . . . . . 1260 Explosions 112 | . . . . . 112 . . . . . . Melee 3235 | . 45 . . 477 1352 . 150 442 . . 769 Ramming 42 | . 22 3 . . . . . . . . 17 Kinetic 3382 | 244 425 280 125 534 836 . 64 264 . . 610 Thermal 2974 | . 343 159 . 387 993 . . 50 . . 1042 Explosive 112 | . . . . . 112 . . . . . . Electromagnetic 202 | . . . . . 161 . . 41 . . . Impact 1352 | . . . . . 1352 . . . . . . Slashing 1114 | . 45 . . 477 . . 150 442 . . . Piercing 769 | . . . . . . . . . . . 769 Highest Corruption 7 | . 1 1 1 . 7 . 2 2 . . 6 Average Corruption 3 | . 1 1 1 . 4 . 2 1 . . 4 Corruption Purged 6 | . . . . . . . . . . . 6 Corruption Blocked . | . . . . . . . . . . . . Effects 89 | . 1 7 3 . 68 . 4 2 . . 4 Message Errors 24 | . . 3 1 . 17 . 1 1 . . 1 Matter Fused 20 | . 1 2 . . 15 . . . . . 2 Heat Flow Errors 10 | . . . 1 . 7 . 1 1 . . . Energy Discharges 12 | . . 1 . . 9 . 1 . . . 1 Parts Rejected 1 | . . . . . 1 . . . . . . Parts Fused 2 | . . 1 . . 1 . . . . . . Data Loss (minor) 10 | . . . 1 . 8 . 1 . . . . Data Loss (major) 3 | . . . . . 3 . . . . . . Misfires 2 | . . . . . 2 . . . . . . Alerts 2 | . . . . . 2 . . . . . . Weapon Failures 3 | . . . . . 3 . . . . . . Overload Shots . | . . . . . . . . . . . . Overflow Damage 1290 | . 5 . . 77 498 . 26 177 . . 507 Projectiles 49 | . . . . . 2 . . . . . 47 Explosions . | . . . . . . . . . . . . Melee 1241 | . 5 . . 77 496 . 26 177 . . 460 Knockbacks 15 | . . . . 2 7 . . . . . 6 Impact 5 | . . . . . 5 . . . . . . Kinetic 9 | . . . . 2 2 . . . . . 5 Secondary 1 | . . . . . . . . . . . 1 Self-Inflicted Damage 71 | . . . . . 71 . . . . . . Shots 2 | . . . . . 2 . . . . . . Rammed 21 | . . . . . . . . . . . 21 Targets Rammed 29 | . 6 2 . . . . . . . . 21 Kicked 8 | . 6 2 . . . . . . . . . Crushed . | . . . . . . . . . . . . Highest Temperature 404 | . 102 267 92 200 343 . 195 116 . . 404 Average Temperature 87 | . 32 93 56 49 112 . 105 44 . . 116 Received Heat Transfer 1159 | . 147 168 48 369 279 . 18 94 . . 36 Effects 2 | . . 1 . . . . . . . . 1 Energy Bleed 2 | . . 1 . . . . . . . . 1 Siege Activations . | . . . . . . . . . . . . Martial Activations . | . . . . . . . . . . . . Shielding Activations . | . . . . . . . . . . . . Robots Disrupted . | . . . . . . . . . . . . Combat Hostiles . | . . . . . . . . . . . . Robots Corrupted 6 | . . . . . 6 . . . . . . Combat Hostiles . | . . . . . . . . . . . . Parts Fried 15 | . . . . . 15 . . . . . . Impact Corruptions 17 | . . . . . 17 . . . . . . Robots Melted 3 | . . 1 . . 1 . . . . . 1 Combat Hostiles 3 | . . 1 . . 1 . . . . . 1 Parts Melted 14 | . 5 2 1 2 1 . . . . . 3 Heat Transferred 5982 | . 1517 703 . 888 1579 . . 74 . . 1221 Parts Sabotaged . | . . . . . . . . . . . . Parts Stolen . | . . . . . . . . . . . . Parts Stripped . | . . . . . . . . . . . . Power Chain Reactions . | . . . . . . . . . . . . Alert | -11 -10 -10 -10 -8 -7 -6 -5 -4 -3 -3 -2 ------- Run | Yrd Mat Min Sub Mat Fac Fac Fac Fac Res DSF Res Maximum Alert Level . | . . . . . . . . . . . . Low Security (%) 100 | 100 100 100 . 100 100 100 100 100 100 100 100 Level 1 . | . . . . . . . . . . . . Level 2 . | . . . . . . . . . . . . Level 3 . | . . . . . . . . . . . . Level 4 . | . . . . . . . . . . . . Level 5 . | . . . . . . . . . . . . High Security . | . . . . . . . . . . . . Max Security . | . . . . . . . . . . . . Peak Influence 182 | 20 50 96 . 180 182 50 60 52 15 9 120 Initial 25 | . . 13 . . 25 8 13 9 15 9 4 Average 20 | . 13 20 . 63 25 12 19 8 15 9 43 Influence Increases 3132 | 35 371 211 . 516 952 92 171 209 . . 575 Destroy 0b10 Robot/C 1260 | 20 180 160 . 220 440 . 20 40 . . 180 Destroy 0b10 Robot/NC 235 | 15 35 5 . 30 80 . 10 20 . . 40 Destroy Leader 296 | . 40 30 . 44 132 . . 10 . . 40 Allied During Kill 1 | . . 1 . . . . . . . . . Trap Triggered on 0b10 20 | . 20 . . . . . . . . . . Successful Hack 141 | . 26 . . 19 52 9 10 25 . . . Select Force Hacks 280 | . 60 . . . 60 50 80 30 . . . Disable Machine 90 | . 9 . . 27 45 . 9 . . . . Destroy Structure 119 | . 1 . . 11 38 3 12 24 . . 30 Partial Spotted 45 | . . . . 15 15 . . . . . 15 Lose Combat Pursuer 645 | . . 15 . 150 90 30 30 60 . . 270 Influence Decreases 3132 | 35 331 240 11 450 998 81 178 199 19 6 584 Entered New Map 150 | . . 27 7 . 41 12 18 15 19 6 5 Time Decay 2612 | 35 311 193 4 400 862 69 160 170 . . 408 Lost Part 350 | . 20 . . 50 95 . . 14 . . 171 Lost Ally 20 | . . 20 . . . . . . . . . Squads Dispatched 37 | . 2 . . 4 17 1 4 3 . . 6 Investigation 13 | . 2 . . 1 3 1 3 2 . . 1 Extermination 12 | . . . . . 7 . 1 1 . . 3 Reinforcement 11 | . . . . 2 7 . . . . . 2 Assault . | . . . . . . . . . . . . Garrison 1 | . . . . 1 . . . . . . . Intercept . | . . . . . . . . . . . . Searches Triggered . | . . . . . . . . . . . . Construction Impeded 2 | . . . . . 1 . . . . . 1 Haulers Reinforced 1 | . . . . . 1 . . . . . . Active Scanning Responses . | . . . . . . . . . . . . Cargo Convoy Interrupts 1 | . . . . . 1 . . . . . . Stealth | -11 -10 -10 -10 -8 -7 -6 -5 -4 -3 -3 -2 --------- Run | Yrd Mat Min Sub Mat Fac Fac Fac Fac Res DSF Res Distress Signals 6 | . 1 . . . 2 . 1 . . . 2 Communications Jammed . | . . . . . . . . . . . . Distress Signals . | . . . . . . . . . . . . Times Spotted 156 | 3 15 11 3 28 46 1 6 11 . 1 31 Peak Tracking Total 10 | 2 4 3 2 9 9 3 3 4 . 1 10 Tactical Retreats 21 | . . 1 . 5 3 1 2 2 . . 7 Traps | -11 -10 -10 -10 -8 -7 -6 -5 -4 -3 -3 -2 ------- Run | Yrd Mat Min Sub Mat Fac Fac Fac Fac Res DSF Res Traps Triggered 15 | . 2 . . 1 7 . 3 1 . . 1 Indirectly . | . . . . . . . . . . . . Trap Hack Attempts . | . . . . . . . . . . . . Triggered . | . . . . . . . . . . . . Disarmed . | . . . . . . . . . . . . Reprogrammed 6 | . 5 . . . . . . 1 . . . Reused 2 | . 2 . . . . . . . . . . Traps Extracted . | . . . . . . . . . . . . Installed . | . . . . . . . . . . . . Triggered 2 | . 2 . . . . . . . . . . Machines | -11 -10 -10 -10 -8 -7 -6 -5 -4 -3 -3 -2 ---------- Run | Yrd Mat Min Sub Mat Fac Fac Fac Fac Res DSF Res Machines Disabled 10 | . 1 . . 3 5 . 1 . . . . Max in Single Turn 1 | . 1 . . 1 1 . 1 . . . . Garrison Access 5 | . . . . . 1 . 1 2 . . 1 Machines Repaired . | . . . . . . . . . . . . Machines Dismantled . | . . . . . . . . . . . . Machines Sabotaged . | . . . . . . . . . . . . Overloaded Fab Kills 5 | . . . . . . 2 3 . . . . Hacking | -11 -10 -10 -10 -8 -7 -6 -5 -4 -3 -3 -2 --------- Run | Yrd Mat Min Sub Mat Fac Fac Fac Fac Res DSF Res Machines Accessed 62 | . 9 . 1 8 17 3 8 10 1 . 5 Terminals 38 | . 7 . . 7 9 2 3 6 1 . 3 Fabricators 4 | . . . . . 1 1 1 1 . . . Repair Stations 2 | . . . . 1 1 . . . . . . Recycling Units 8 | . 2 . . . 3 . 1 1 . . 1 Scanalyzers 4 | . . . . . 2 . 2 . . . . Garrison Access 5 | . . . . . 1 . 1 2 . . 1 Total Hacks 171 | . 30 . 3 25 44 11 20 28 1 . 9 Successful 105 | . 16 . 3 16 23 7 14 20 1 . 5 Failed 64 | . 14 . . 9 20 4 5 8 . . 4 Catastrophic 6 | . 2 . . 2 . . 1 1 . . . Database Lockouts 2 | . . . . . 1 . 1 . . . . Manual 112 | . 23 . . 19 28 10 7 22 . . 3 Terminals 119 | . 28 . . 20 29 9 5 22 1 . 5 Fabricators 8 | . . . . . 2 2 2 2 . . . Repair Stations 7 | . . . . 5 2 . . . . . . Recycling Units 11 | . 2 . . . 4 . 2 1 . . 2 Scanalyzers 16 | . . . . . 6 . 10 . . . . Garrison Access 7 | . . . . . 1 . 1 3 . . 2 Terminal Hacks 38 | . 8 . 3 6 7 3 . 9 1 . 1 Record 3 | . . . 3 . . . . . . . . Part Schematic 2 | . . . . . . . . 2 . . . Open DSF 3 | . . . . . 1 . . . 1 . 1 Level Access Points 5 | . 1 . . 1 1 1 . 1 . . . Branch Access Points 5 | . 1 . . 1 1 1 . 1 . . . Emergency Access Points 1 | . . . . . . . . 1 . . . Terminal Index 6 | . 1 . . 1 1 1 . 2 . . . Recycling Unit Index 3 | . 1 . . 1 1 . . . . . . Scanalyzer Index 1 | . . . . . 1 . . . . . . Locate Traps 3 | . 1 . . 1 . . . 1 . . . Reprogram Traps 2 | . 1 . . . . . . 1 . . . Hauler Manifests 2 | . 1 . . 1 . . . . . . . Registered Components 1 | . 1 . . . . . . . . . . Registered Prototypes 1 | . . . . . 1 . . . . . . Fabricator Hacks 5 | . . . . . 1 1 1 2 . . . Network Status 3 | . . . . . 1 1 1 . . . . Load Schematic 1 | . . . . . . . . 1 . . . Build 1 | . . . . . . . . 1 . . . Repair Station Hacks 4 | . . . . 4 . . . . . . . Scan Component 2 | . . . . 2 . . . . . . . Repair 2 | . . . . 2 . . . . . . . Recycling Unit Hacks 2 | . . . . . . . 1 . . . 1 Retrieve Components 2 | . . . . . . . 1 . . . 1 Scanalyzer 13 | . . . . . 5 . 8 . . . . Insert Component 4 | . . . . . 2 . 2 . . . . Analyze 4 | . . . . . 1 . 3 . . . . Retrieve Study 5 | . . . . . 2 . 3 . . . . Garrison Access Hacks 5 | . . . . . 1 . 1 2 . . 1 Seal Access 5 | . . . . . 1 . 1 2 . . 1 Unauthorized Hacks 38 | . 8 . . 6 9 3 3 7 . . 2 Terminals 30 | . 6 . . 6 7 2 1 6 . . 2 Botnet 30 | . 6 . . 6 7 2 1 6 . . 2 Fabricators 2 | . . . . . . 1 1 . . . . Overload 2 | . . . . . . 1 1 . . . . Repair Stations . | . . . . . . . . . . . . Recycling Units 6 | . 2 . . . 2 . 1 1 . . . Tunnel 6 | . 2 . . . 2 . 1 1 . . . Scanalyzers . | . . . . . . . . . . . . Garrison Access . | . . . . . . . . . . . . Data Cores Recovered 1 | . . . . 1 . . . . . . . Used 1 | . . . . 1 . . . . . . . Hacking Detections 44 | . 7 . . 5 15 1 5 7 1 . 3 Full Trace Events 2 | . . . . . . . 1 1 . . . Feedback Events . | . . . . . . . . . . . . Feedback Blocked . | . . . . . . . . . . . . Robot Schematics Acquired . | . . . . . . . . . . . . Robots Built . | . . . . . . . . . . . . Authchips . | . . . . . . . . . . . . Time . | . . . . . . . . . . . . Total Robot Build Rating . | . . . . . . . . . . . . Part Schematics Acquired 5 | . . . . . 1 . 2 2 . . . Parts Built 2 | . . . . . . . . 2 . . . Authchips . | . . . . . . . . . . . . Time 47 | . . . . . . . . 47 . . . Total Part Build Rating 10 | . . . . . . . . 10 . . . Part Studies Acquired 4 | . . . . . 1 . 3 . . . . Parts Repaired 2 | . . . . 2 . . . . . . . Time 76 | . . . . 76 . . . . . . . Parts Recycled . | . . . . . . . . . . . . Recycled Matter . | . . . . . . . . . . . . Retrieved Matter . | . . . . . . . . . . . . Retrieved Components 2 | . . . . . . . 1 . . . 1 Parts Scanalyzed 3 | . . . . . 1 . 2 . . . . Part Schematics Acquired 3 | . . . . . 1 . 2 . . . . Parts Damaged . | . . . . . . . . . . . . Bothacking | -11 -10 -10 -10 -8 -7 -6 -5 -4 -3 -3 -2 ------------ Run | Yrd Mat Min Sub Mat Fac Fac Fac Fac Res DSF Res Used RIF Installer . | . . . . . . . . . . . . Robots Hacked . | . . . . . . . . . . . . Non-combat . | . . . . . . . . . . . . Combat . | . . . . . . . . . . . . Robot Hacks Applied . | . . . . . . . . . . . . Relay Couplers Released . | . . . . . . . . . . . . Fabnet Peak Effective % . | . . . . . . . . . . . . Robots Rewired . | . . . . . . . . . . . . Allies Hacked . | . . . . . . . . . . . . Hacks Repelled . | . . . . . . . . . . . . Allies | -11 -10 -10 -10 -8 -7 -6 -5 -4 -3 -3 -2 -------- Run | Yrd Mat Min Sub Mat Fac Fac Fac Fac Res DSF Res Total Allies 1 | . . 1 . . . . . . . . . Largest Group 1 | . . 1 . . . . . . . . . Highest-Rated Group 31 | . . 31 . . . . . . . . . Highest-Rated Ally 31 | . . 31 . . . . . . . . . Total Orders . | . . . . . . . . . . . . Ally Attacks 13 | . . 13 . . . . . . . . . Total Damage 189 | . . 189 . . . . . . . . . Kills 2 | . . 2 . . . . . . . . . Allies Corrupted . | . . . . . . . . . . . . Allies Melted . | . . . . . . . . . . . . Intel | -11 -10 -10 -10 -8 -7 -6 -5 -4 -3 -3 -2 ------- Run | Yrd Mat Min Sub Mat Fac Fac Fac Fac Res DSF Res Active Infowar (turns) 7360 | 30 810 510 264 987 2962 295 514 550 10 44 384 Optics 4584 | . . . . . 2962 295 514 550 10 44 209 Sensors 6928 | . 779 510 264 987 2796 295 514 528 10 44 201 Seismic 61 | 30 31 . . . . . . . . . . Machine Analysis 5710 | . . . . 957 2962 295 514 550 10 44 378 ECM 6 | . . . . . . . . . . . 6 Robot Analysis Total . | . . . . . . . . . . . . Derelict Logs Recovered 1 | . . 1 . . . . . . . . . Drone Launches . | . . . . . . . . . . . . Drone Recoveries . | . . . . . . . . . . . . Exploration | -11 -10 -10 -10 -8 -7 -6 -5 -4 -3 -3 -2 ------------- Run | Yrd Mat Min Sub Mat Fac Fac Fac Fac Res DSF Res Turns Passed 11220 | 2734 1175 756 264 987 2962 295 514 550 10 44 929 Spaces Moved 8990 | 98 822 542 311 883 3268 362 743 915 16 82 948 Core 100 | 3 . . . . 17 . . . . . 80 Treads 150 | 95 . . . . . . . . . . 55 Legs 1603 | . 822 531 . . 112 . . . . . 138 Wheels . | . . . . . . . . . . . . Hover 7035 | . . 11 311 883 3069 362 743 915 16 82 643 Flight 102 | . . . . . 70 . . . . . 32 Fastest Speed 36 | 50 120 77 77 66 48 44 40 36 40 40 40 Average Speed 70 | 156 120 120 77 72 65 47 41 39 40 43 67 Slowest Speed 700 | 160 190 190 77 131 250 48 44 104 40 44 700 Overloaded Moves . | . . . . . . . . . . . . Propulsion Burnouts . | . . . . . . . . . . . . Robots Hopped . | . . . . . . . . . . . . Potential Cave-ins . | . . . . . . . . . . . . Cave-ins Triggered . | . . . . . . . . . . . . Exploration Rate (%) 41 | 6 94 91 32 66 58 11 22 28 1 74 19 Regions Visited 11 Branch Regions 2 Pre-discovered Areas 6 | . 2 . . . 2 . 1 1 . . . Known Exits Taken 7 | . 1 . . 1 1 1 1 1 1 . . Unknown Exits Taken 3 | 1 . 1 1 . . . . . . . . Scrap Searched 1 | . . 1 . . . . . . . . . Spaces Dug 64 | . 1 . . 11 30 3 6 11 . . 2 Terrain Destroyed 86 | . 1 . . 11 42 3 6 12 . . 11 Melee 63 | . . . . 11 30 3 6 11 . . 2 Projectile 12 | . 1 . . . 1 . . 1 . . 9 AOE 11 | . . . . . 11 . . . . . . Terrain Rammed . | . . . . . . . . . . . . Walls Destroyed . | . . . . . . . . . . . . Machines Disabled . | . . . . . . . . . . . . Actions | -11 -10 -10 -10 -8 -7 -6 -5 -4 -3 -3 -2 --------- Run | Yrd Mat Min Sub Mat Fac Fac Fac Fac Res DSF Res Total 13122 | 2653 913 595 325 1110 3848 479 934 1047 20 91 1107 Wait 3357 | 2531 10 5 10 89 354 106 159 72 . . 21 Move 8979 | 97 821 541 310 882 3267 361 742 914 15 81 948 Hop . | . . . . . . . . . . . . Pick Up 49 | 6 8 . . 15 9 1 3 4 . . 3 Fast Attach 69 | 6 4 3 . 7 19 1 . 3 . 1 25 Attach 30 | 1 . . . 6 9 1 3 1 2 . 7 Detach 7 | . . . . 1 1 . 1 . 3 . 1 Swap 82 | 1 10 8 . 16 15 4 3 18 . 4 3 Drop 61 | . 8 9 . 12 14 2 3 6 . 5 2 Fire 312 | 11 44 27 5 54 97 . 5 10 . . 59 Melee 135 | . 2 . . 28 57 3 9 19 . . 17 Ram . | . . . . . . . . . . . . Kick 8 | . 6 2 . . . . . . . . . Crush 21 | . . . . . . . . . . . 21 Escape Stasis 12 | . . . . . 6 . 6 . . . . Rewire . | . . . . . . . . . . . . Trap . | . . . . . . . . . . . . Miscellaneous . | . . . . . . . . . . . . Route ------- -11/Scrapyard -10/Materials (discovered 6 exits: *Mat x3 / *Min x2 / *Sub) -10/Mines (discovered 3 exits: *Mat x2 / *Sub) -10/Subcaves -8/Materials (discovered 3 exits: *Fac x3) -7/Factory (discovered 6 exits: *Fac x4 / Low x2) -6/Factory (discovered 6 exits: *Fac x4 / Low x2) -5/Factory (discovered 2 exits: *Fac / *Ext) -4/Factory (discovered 6 exits: *Res x4 / Upp x2) -3/Research -3/DSF -2/Research History --------- Turn | Location | Event 6 | -11/Scrapyard | Discovered new exit (range 16) 2665 | -11/Scrapyard | Assembled infested the area 2735 | -11/Scrapyard | Entered Materials 2758 | -10/Materials | Build established: Mutant 2859 | -10/Materials | Identified exit to Mines 2921 | -10/Materials | Discovered new exit (range 12) 3251 | -10/Materials | Discovered new exit (range 16) 3397 | -10/Materials | Identified exit to Materials 3910 | -10/Materials | Entered Mines 3913 | -10/Mines | Core integrity fell below 50% 4007 | -10/Mines | Assembled infested the area 4012 | -10/Mines | Assisted by a Guerilla fighting off Assembled 4153 | -10/Mines | Found a damaged Exp. Sensor Array with a note attached 4156 | -10/Mines | Found Prototype Device 4156 | -10/Mines | Identified Exp. Sensor Array 4253 | -10/Mines | Build established: Scavenger-Mutant 4258 | -10/Mines | Received a Mining Laser from a helpful Derelict 4301 | -10/Mines | Discovered exit to Materials (range 13) 4338 | -10/Mines | Discovered exit to Materials (range 7) 4448 | -10/Mines | Learned 2 Materials zone layouts 4650 | -10/Mines | Discovered new exit (range 12) 4666 | -10/Mines | Entered Subcaves 4681 | -10/Subcaves | Shifting Twisted Machinery released Sub. Laser 4715 | -10/Subcaves | Shifting Twisted Machinery released Lgt. Humpback 4718 | -10/Subcaves | A swath of the cavern ceiling suddenly collapsed 4745 | -10/Subcaves | A swath of the cavern ceiling suddenly collapsed 4783 | -10/Subcaves | Visited Clippyterm 4785 | -10/Subcaves | Learned Factory stockpile data 4802 | -10/Subcaves | Core integrity fell below 20% 4925 | -10/Subcaves | Shifting Twisted Machinery released Sub. Shrapnel Launcher 4925 | -10/Subcaves | Shifting Twisted Machinery released Mak. Spear 4926 | -10/Subcaves | Discovered new exit (range 5) 4930 | -10/Subcaves | Entered Materials 4930 | -8/Materials | Evolved 4 slots: Propulsion x2, Utility x2 4941 | -8/Materials | Identified exit to Factory 5169 | -8/Materials | Garrison activated, responded to threat 5261 | -8/Materials | Build established: Scavenger-Scout 5305 | -8/Materials | Repaired Hover Unit 5357 | -8/Materials | Repaired Cmb. Airjet 5443 | -8/Materials | Lost 3 parts (1p1n1w) 5452 | -8/Materials | Destroyed 10 combat bots 5917 | -8/Materials | Entered Factory 5917 | -7/Factory | Evolved 2 slots: Utility x2 6183 | -7/Factory | Lost 4 parts (2n2w) 6335 | -7/Factory | Central database locked down 6344 | -7/Factory | Discovered new exit (range 7) 6352 | -7/Factory | Identified exit to Factory 7051 | -7/Factory | Build established: Hacker-Scout 7079 | -7/Factory | Identified exit to Lower Caves 7252 | -7/Factory | Cargo convoy interrupted 8184 | -7/Factory | Lost 4 parts (1p2n1u) 8437 | -7/Factory | Build established: Hacker-Mutant 8564 | -7/Factory | Allied Derelicts emerged from ambush trap array 8879 | -7/Factory | Entered another Factory area 8879 | -6/Factory | Evolved 2 slots: Propulsion x1, Utility x1 9010 | -6/Factory | Build established: Scavenger-Scout 9141 | -6/Factory | Identified exit to Factory 9141 | -6/Factory | Identified exit to Lower Caves 9174 | -6/Factory | Entered another Factory area 9174 | -5/Factory | Evolved 2 slots: Utility x2 9207 | -5/Factory | Central database locked down 9287 | -5/Factory | Discovered new exit (range 17) 9293 | -5/Factory | Identified exit to Extension 9678 | -5/Factory | Discovered new exit (range 7) 9688 | -5/Factory | Identified exit to Factory 9688 | -5/Factory | Entered another Factory area 9688 | -4/Factory | Evolved 2 slots: Power x1, Utility x1 9693 | -4/Factory | Found Prototype Hackware 9693 | -4/Factory | Identified Exp. Hacking Suite 9852 | -4/Factory | Identified exit to Research 10012 | -4/Factory | Build established: Hacker-Scout 10017 | -4/Factory | Spotted B-86 Titan 10027 | -4/Factory | Identified exit to Upper Caves 10110 | -4/Factory | Fabricated Adv. Sensor Array (x2) 10238 | -4/Factory | Entered Research 10238 | -3/Research | Evolved 2 slots: Utility x2 10247 | -3/Research | Identified exit to DSF 10248 | -3/Research | Entered DSF 10274 | -3/DSF | Discovered new exit (range 19) 10278 | -3/DSF | Additional patrols routed to DSF 10283 | -3/DSF | Identified exit to Research 10292 | -3/DSF | Entered Research 10292 | -2/Research | Evolved 2 slots: Propulsion x1, Utility x1 10582 | -2/Research | Lost 14 parts (2p7n5u) 10654 | -2/Research | Core integrity fell below 50% 10670 | -2/Research | Released all parts (13) 10676 | -2/Research | Spotted B-90 Cyclops 10696 | -2/Research | Lost 5 parts (2n2u1w) 10876 | -2/Research | Core integrity fell below 20% 10954 | -2/Research | Build established: Mutant 11221 | -2/Research | Destroyed by P-80 Master with Gamma Rifle Last Messages --------------- 11110_ Dropped Centrium Leg. 11112_ Imp. System Restoration Module purges 1% system corruption (4%). 11121_ Imp. System Restoration Module purges 1% system corruption (3%). 11122_ System corrupted: Energy discharge (-66). 11123_ Imp. System Restoration Module purges 1% system corruption (2%). 11129_ Acquired Antigrav Array. 11137_ Acquired Biometal Heavy Treads. 11142_ Imp. System Restoration Module purges 1% system corruption (1%). 11150_ System corrupted: Matter fused (-5). 11151_ Imp. System Restoration Module purges 1% system corruption (0%). 11183_ ALERT: Potential suspicious activity detected, Programmers report to Research Zone 2Z. 11201_ Sneak attack on K-01 Serf. 11201_ K-01 Serf destroyed. 11202_ Acquired 11 matter. Map ----- +----------------------------------------------------+ | ????????????# #???# #??? #???????????????? | | ????????????# #?### ##? !!! #???????????????? | | ????????????# #?# #? !!! #???????????????? | | ????????????# #?# # !!! #???????????????? | | ????????????# ### # #???????????????? | | ????????????# + #???????????????? | | ????????????# # #???????????????? | | ????????????# ###########??????????????? | | ############# "" #? #??????????????? | | "T" #? *#??????????????? | | # #??????????????? | | # #??????????????? | | % + #????########??? | | ###########+##### # #????# #??? | | #???????????????# # #????# #??? | | #???????????????# #? #??### #??? | | #???????????????# #?#########??# + #??? | | #???????????????# #????????????# # #??? | | ##??????????????# #????????????# # #??? | | ##??????????????# #????????????# ########??? | | ##??????????????# #????????????# #######???? | | #???????????????# ############## #???? | | #???????????????# !# *!+! =! #???? | | #???????????????# %# =#### #???? | | #???????????????# # #??# #???? | | #???????????????# !#@ #??# #???? | | #???????????????# p ! #??# #??## | | #???????????????# =# #??# ! #??# | | #???????????????# # #??# #??# | | #################k # #??# #??# | | ###########??# #### | | #????????????# ## + | | #??########??# ## # | | """ #??# #### ## # | | """ !=!###############??# # # | | """ !! #??########??????# # ##+######## # | | =! #? #??????# # # ????# ## | | #? #??????# # # ???# # | | # #??????# # # ! #??# # | | # #???#####+##+## # #### # | | ^ + #???# + #] + + | | # #???# # # #### # | | # #???# # ########??# # | | [ #? #???# + #??????# # | | #?#########???# # #??????# # | | #?????????????# # #??????# # | | ! #?????????????######## #??????# ## | | ### #??????######## # #??????# #? | | +##??# #??????# # !!! # ##+#####??# #? | | ?????# #??????#! # !! # + #??# #? | +----------------------------------------------------+ Best States ------------- Heat Dissipation 63 Energy Generation 35 Energy Capacity 385 Matter Stores 300 Matter Capacity 300 Sight Range 20 Robot Scan Range 20 Terrain Scan Density 10 Resistance: KI 20 Resistance: TH 20 Resistance: EX 20 Resistance: EM 20 Resistance: I 20 Resistance: S 20 Resistance: P 20 Propulsion Shielding 66 Evasion (%) 57 Melee Accuracy 12 Recoil Reduction 2 Offensive Hacking 36 Defensive Hacking 10 Item Schematics ----------------- Adv. Terrain Scan Processor | -7/Factory | Scanalyzed Adv. Weight Redist. System | -5/Factory | Scanalyzed Hvy. Ion Cannon | -5/Factory | Scanalyzed Adv. Signal Interpreter | -4/Factory | Hacked Adv. Sensor Array | -4/Factory | Hacked Robot Schematics ------------------ None Fabricated ------------ Adv. Sensor Array | x2 | -4/Factory Repaired ---------- Hover Unit | 56% | -8/Materials Cmb. Airjet | 73% | -8/Materials Studied --------- VTOL Module | -7/Factory | Hacked Gravmag System | -5/Factory | Hacked Grenade Launcher | -5/Factory | Hacked Imp. Gravmag System | -5/Factory | Hacked Alien Tech Used ----------------- None Achievements -------------- None Challenges ------------ None Game ------ Seed PlexusLightMiniperforator Manual? 0 Play Time 01:58:13 Cumulative 152.1 hours Start 2026.09.24 @ 12:01:37 End 2026.09.24 @ 13:59:26 Sessions 1 Manual Loads 0 Difficulty Adventurer Special Mode None Game No. 64 Rogue 0 Adventurer 64 Explorer 0 Win Type - Total 1 Types 1/0/0/0/0/0/0/0/0/0 Lore% 54 Gallery% 45 Achievement% 41 Wizard Run 0 Options --------- Layout 2 ASCII 0 Keyboard 0 Movement Arrows Keybinds 0 Fullscreen 1 Font 16/Terminus Map View 55x47 Zoom Use 0% Tactical HUD 1 Map Filters NONE Filters NONE Steam 1 RUN: 91bd47bc-ae00-428f-ba42-16d955d9ccce